 Dungeon Sprint DCSS version 0.19-a0-330-g034cfd4 (webtiles) character file.

199746 Kidiri the Imperceptible (level 16, -4/88 (90) HPs)
             Began as a Spriggan Enchanter on May 28, 2016.
             Was the Champion of Dithmenos.
             Slain by a vampire knight (5 damage)
             ... while paralysed by a vampire knight
             ... in the Dungeon (Sprint III: "The Ten Rune Challenge") on May 30, 2016.
             The game lasted 01:12:35 (14844 turns).

Kidiri the Imperceptible (Spriggan Enchanter)      Turns: 14844, Time: 01:12:36

HP:   -4/88 (90)    AC: 12    Str:  4    XL:     16   Next: 65%
MP:   24/42         EV:  4    Int: 22    God:    Dithmenos [******]
Gold: 994           SH:  0    Dex: 23    Spells: 15 memorised, 3 levels left

rFire  + . .     SeeInvis +     k - +5 rapier (venom)
rCold  + . .     Gourm    .     G - +1 robe of the Clam {+Inv rF+ Dex+3 Slay+5}
rNeg   . . .     Faith    .     c - +3 buckler
rPois  +         Spirit   .     s - +2 hat {SInv}
rElec  +         Dismiss  .     B - +2 cloak of Starlight {rElec rC+ EV+4 Stlth--}
rCorr  .         Reflect  .     (gloves unavailable)
SustAt .         Harm     .     (boots unavailable)
MR     ++...     Clarity  +     (no amulet)
Stlth  ++++++++++ NoTele   +    a - ring "Ydadaexi" {*Confuse rElec rPois Int+2 SInv}
                                y - ring of flight

@: paralysed, flying, wreathed by umbra, deflect missiles, very quick, very
resistant to hostile enchantments, uncannily stealthy
A: unfitting armour, antennae 1, large bone plates 1, rugged brown scales 1, see
invisible, clarity, herbivore 3, speed 3, electricity resistance, slow
metabolism 2
a: Shadow Step, Shadow Form, Renounce Religion, Evoke Invisibility, Stop Flying
}: 4/10 runes: decaying, serpentine, silver, golden


You were in the Dungeon.
You worshipped Dithmenos.
Dithmenos was exalted by your worship.
You were full.

You visited 1 branch You collected 3395 gold pieces.
You spent 2401 gold pieces at shops.

Inventory:

Hand Weapons
 k - a +5 rapier of venom (weapon)
Missiles
 m - 14 throwing nets (quivered)
Armour
 c - a +3 buckler (worn)
 s - a +2 hat of see invisible (worn)
 B - the +2 cloak of Starlight (worn) {rElec rC+ EV+4 Stlth--}
   (You found it in the Dungeon)

   It affects your evasion (+4).
   It protects you from cold.
   It insulates you from electricity.
   It makes you much less stealthy.
 G - the +1 robe of the Clam (worn) {+Inv rF+ Dex+3 Slay+5}
   (You found it in the Dungeon)

   It affects your dexterity (+3).
   It affects your accuracy and damage with ranged weapons and melee attacks
   (+5).
   It protects you from fire.
   It lets you turn invisible.
Jewellery
 a - the ring "Ydadaexi" (right hand) {*Confuse rElec rPois Int+2 SInv}
   (You bought it in a shop in the Dungeon)

   [ring of intelligence]

   It affects your intelligence (+2).
   It insulates you from electricity.
   It protects you from poison.
   It lets you see invisible.
   It may confuse you when you take damage.
 v - an uncursed ring of wizardry
 y - a ring of flight (left hand)
 I - the ring "Cubip" {rC+ Str+4 Stlth+}
   (You took it off a deep elf high priest in the Dungeon)

   [ring of stealth]

   It affects your strength (+4).
   It protects you from cold.
   It makes you more stealthy.
 J - the ring of Robustness {AC+8}
   (You took it off a deep elf demonologist in the Dungeon)

   [ring of protection]

   It affects your AC (+8).
Wands
 r - a wand of heal wounds (4/9)
 u - a wand of digging (9/24)
 A - a wand of disintegration (9/24)
 L - a wand of lightning (8/15)
 M - a wand of disintegration (22/24)
Scrolls
 l - a scroll of torment
 n - 3 scrolls of remove curse
 q - 4 scrolls of amnesia
 K - 3 scrolls of silence
Potions
 e - a potion of curing
 f - a potion of heal wounds
 g - 2 potions of haste
 i - 3 potions of berserk rage
 o - 5 potions of cure mutation
 p - 5 potions of flight
 x - a potion of brilliance
 E - a potion of lignification
Comestibles
 b - 28 royal jellies
 d - a bread ration


   Skills:
 + Level 11.9 Fighting
 * Level 20.1 Short Blades
 + Level 11.0 Armour
 * Level 24.8 Dodging
 * Level 26.9 Stealth
 * Level 10.9 Shields
 * Level 21.8 Spellcasting
 + Level 11.0 Conjurations
 + Level 16.1 Hexes
 + Level 13.0 Charms
 + Level 12.7 Translocations
 + Level 11.8 Ice Magic
 + Level 8.5 Air Magic
 + Level 3.3 Earth Magic
 + Level 9.3 Poison Magic
 - Level 4.0 Invocations


You had 3 spell levels left.
You knew the following spells:

 Your Spells              Type           Power        Failure   Level  Hunger
a - Corona                Hex            #######      0%          1    None
b - Ensorcelled Hibernat  Hex/Ice        ######       0%          2    None
c - Confuse               Hex            #######.     0%          3    None
d - Tukima's Dance        Hex            #######.     0%          3    None
e - Dazzling Spray        Conj/Hex       ######       1%          3    None
f - Shroud of Golubria    Chrm/Tloc      ######....   0%          2    None
g - Passage of Golubria   Tloc           N/A          1%          4    None
h - Mephitic Cloud        Conj/Pois/Air  ######..     1%          3    None
i - Freezing Cloud        Conj/Ice/Air   ######....   4%          6    ###....
j - Poisonous Cloud       Conj/Pois/Air  ######....   6%          6    ###....
k - Apportation           Tloc           ######....   0%          1    None
l - Cause Fear            Hex            #######...   1%          4    None
m - Deflect Missiles      Chrm/Air       ######....   3%          6    ###....
n - Discord               Hex            #######...   17%         8    ######.
o - Stone Arrow           Conj/Erth      ######       1%          3    None


Dungeon Overview and Level Annotations

Branches:
Dungeon (1/1)

Altars:
Cheibriados
Dithmenos
Elyvilon
Fedhas
Gozag
Hepliaklqana
Kikubaaqudgha
Makhleb
Nemelex Xobeh
Okawaru
Pakellas
Qazlal
Ru
Sif Muna
Trog
Ukayaw
Vehumet
Xom
Yredelemnul
Zin
The Shining One
Jiyva
Lugonu

Shops:
D (:?=[%}!}%![!:}%:=(=?[[[

Annotations:
D exclusion: 2 doors


Innate Abilities, Weirdness & Mutations

You are tiny and cannot use many weapons and most armour.
You have supernaturally acute eyesight. (SInv)
You are a herbivore.
You cover ground extremely quickly.
You need consume almost no food.
You have a pair of small antennae on your head.
You are partially covered in large bone plates. (AC +2, SH +2)
You are partially covered in rugged brown scales. (AC +1, +3% HP)
You possess an exceptional clarity of mind.
You are resistant to electric shocks. (rElec)


Message History

Your war axe hits the plant but does no damage.
The vampire knight hits you!
* * * LOW HITPOINT WARNING * * *
The vampire knight bites you.
* * * LOW HITPOINT WARNING * * *
The vampire knight draws strength from your injuries!
Your long sword hits the vampire knight but does no damage.
The vampire knight hits you.
* * * LOW HITPOINT WARNING * * *
The vampire knight bites you!
* * * LOW HITPOINT WARNING * * *
You emit a cloud of dark smoke.
The vampire knight draws strength from your injuries!
Your war axe barely misses the vampire knight.
Your war axe hits the plant but does no damage. x2
Your long sword barely misses the vampire knight.
The vampire knight hits you.
* * * LOW HITPOINT WARNING * * *
The vampire knight bites you.
You die...

###########.#......##############
.##.#.#.#.#........#)}.#L#^.....^
%##........§.......#...###.....))
###................#....^......))
#####'##############)).....^..^..
[###...##{#≈≈§≈≈§################
.##.....##+#)≈§P§#.#.............
##.......###...P§#.▓+▓▓▓▓▓▓▓▓▓▓▓▓
.'.......+....(V@V.▓..#..^....^..
##.......#####.P(#.▓.^#^.........
≈##.....##...##P≈#.▓..#.^########
+###...###.#..##'##▓.^#..#.....))
.# ##+####.##.##...▓..#..#......)
####.≈≈≈'#.##.####.▓..#..#.......
'∩∩#.≈≈.#..##......▓..#^.#^.....|
#∩∩#.≈≈.#######+###▓..#..#+######
#..#..≈.#{{+≈⌠,,,≈{▓..#..#.^...^.


You could see 2 vampire knights and 2 friendly dancing weapons.

Vanquished Creatures
  Mara (D)
  2 greater mummies (D)
  Boris (D)
  Norris (D)
  Sigmund (D)
  2 golden dragons (D)
  Xtahua (D)
  Rupert (D)
  A lich (D)
  A deep elf blademaster (D)
  A titan (D)
  Gastronok (D)
  2 shadow dragons (D)
  Chuck (D)
  2 sphinxes (D)
  A greater naga (D)
  A fire giant (D)
  Maud (D)
  2 frost giants (D)
  4 deep elf demonologists (D)
  2 dire elephants (D)
  Snorg (D)
  A deep elf death mage (D)
  A deep elf high priest (D)
  7 mummy priests (D)
  7 vault guards (D)
  8 fire dragons (D)
  A yaktaur captain (D)
  3 anacondas (D)
  A naga warrior (D)
  An ogre mage (D)
  3 hydras (D)
  3 centaur warriors (D)
  4 death yaks (D)
  4 dancing weapons (D)
  A titan zombie (D)
  A deep elf knight (D)
  A shadow wraith (D)
  A golden dragon zombie (D)
  7 skeletal warriors (D)
  A death drake (D)
  2 unseen horrors (D)
  2 obsidian statues (D)
  A spriggan druid (D)
  A sea snake (shapeshifter) (D)
  2 spectral iron dragons (D)
  A lindwurm (D)
  5 deep elf magi (D)
  7 ugly things (D)
  3 orc sorcerers (D)
  4 crystal guardians (D)
  2 oklob plants (D)
  2 hornets (D)
  2 elephants (D)
  An elephant (shapeshifter) (D)
  A guardian serpent (D)
  8 black mambas (D)
  4 statues (D)
  2 spiny frogs (D)
  Edmund (D)
  A molten gargoyle (D)
  A komodo dragon (D)
  A rime drake (D)
  13 guardian mummies (D)
  An anaconda simulacrum (D)
  2 giant leeches (D)
  3 wandering mushrooms (D)
  A queen bee (D)
  4 spriggan defenders (D)
  2 orc high priests (D)
  8 slime creatures (D)
  8 blink frogs (D)
  3 redbacks (D)
  2 spriggans (D)
  A shadow (D)
  3 iron troll simulacra (D)
  A naga (D)
  A spatial vortex (D)
  5 water moccasins (D)
  A swamp drake (D)
  2 hell hounds (D)
  A wasp (D)
  3 orc warriors (D)
  A necrophage (D)
  2 centaurs (D)
  An earth elemental (D)
  A water elemental (D)
  A scorpion (D)
  32 killer bees (D)
  An electric eel (D)
  A wizard (D)
  3 orc priests (D)
  A jelly (D)
  3 orc wizards (D)
  Jessica (D)
  A necromancer (D)
  A kobold demonologist (D)
  3 humans (D)
  4 adders (D)
  An ooze (D)
  8 orcs (D)
  2 rats (D)
  5 butterflies (D)
  5 plants (D)
284 creatures vanquished.

Vanquished Creatures (collateral kills)
  4 vault guards (D)
  A minotaur (shapeshifter) (D)
  A skeletal warrior (D)
  A butterfly (D)
7 creatures vanquished.

Vanquished Creatures (others)
  A quicksilver dragon (D)
  A shadow dragon (D)
  2 draconian scorchers (D)
  5 vault guards (D)
  A mana viper (shapeshifter) (D)
  3 yaktaurs (D)
  6 hellions (D)
  5 guardian mummies (D)
  3 dancing weapons (D)
  A naga (D)
  A bush (D)
  9 plants (D)
38 creatures vanquished.

Grand Total: 329 creatures vanquished

Notes
Turn   | Place    | Note
--------------------------------------------------------------
     0 | D        | Kidiri the Spriggan Enchanter began the quest for the Orb.
     0 | D        | Reached XP level 1. HP: 9/9 MP: 5/5
    15 | D        | Noticed Jessica
    25 | D        | Killed Jessica
    25 | D        | Reached skill level 1 in Fighting
    25 | D        | Reached skill level 1 in Armour
    25 | D        | Reached skill level 5 in Stealth
    25 | D        | Reached XP level 2. HP: 7/14 MP: 5/8
    25 | D        | Reached XP level 3. HP: 9/18 MP: 5/9
    34 | D        | Learned a level 2 spell: Ensorcelled Hibernation
    38 | D        | Learned a level 3 spell: Dazzling Spray
    42 | D        | Learned a level 3 spell: Confuse
    66 | D        | Killed a yaktaur
   114 | D        | Killed a hellion
   121 | D        | Killed a hellion
   164 | D        | Killed a hellion
   185 | D        | Killed a hellion
   206 | D        | Killed a hellion
   206 | D        | Killed a hellion
   206 | D        | Killed a white draconian scorcher
   224 | D        | Killed a white draconian scorcher
   258 | D        | Reached skill level 5 in Dodging
   258 | D        | Reached skill level 6 in Stealth
   381 | D        | Noticed a scorpion
   387 | D        | Killed a scorpion
   387 | D        | Reached skill level 7 in Stealth
   387 | D        | Reached skill level 5 in Spellcasting
   387 | D        | Reached skill level 1 in Ice Magic
   387 | D        | Reached XP level 4. HP: 23/23 MP: 8/12
   406 | D        | Learned a level 3 spell: Tukima's Dance
   406 | D        | Gained mutation: You are partially covered in rugged brown scales. (AC +1, +3% HP) [potion of mutation]
   406 | D        | Gained mutation: You have a pair of small antennae on your head. [potion of mutation]
   406 | D        | Gained mutation: You are resistant to electric shocks. (rElec) [potion of mutation]
   407 | D        | Gained mutation: You are partially covered in large bone plates. (AC +2, SH +2) [potion of mutation]
   407 | D        | Gained mutation: You possess an exceptional clarity of mind. [potion of mutation]
   547 | D        | Noticed a water elemental
   549 | D        | Killed a water elemental
   549 | D        | Reached skill level 1 in Conjurations
   549 | D        | Reached skill level 5 in Hexes
   549 | D        | Reached XP level 5. HP: 26/26 MP: 14/14
   559 | D        | Noticed a shadow
   561 | D        | Killed a shadow
   561 | D        | Reached skill level 5 in Short Blades
   561 | D        | Reached skill level 9 in Stealth
   561 | D        | Reached XP level 6. HP: 32/32 MP: 14/16
   584 | D        | Found an oddly glowing altar of Pakellas.
   584 | D        | Found a stormy altar of Qazlal.
   585 | D        | Found a sacrificial altar of Ru.
   585 | D        | Found a burning altar of Makhleb.
   585 | D        | Found a viscous altar of Jiyva.
   585 | D        | Found a shimmering altar of Xom.
   585 | D        | Found a shadowy altar of Dithmenos.
   585 | D        | Found a sparkling altar of Nemelex Xobeh.
   585 | D        | Found a corrupted altar of Lugonu.
   585 | D        | Found an opulent altar of Gozag.
   585 | D        | Noticed a spatial vortex
   589 | D        | Became a worshipper of Dithmenos the Shadowed
   602 | D        | Killed a spatial vortex
   602 | D        | Reached skill level 1 in Invocations
   701 | D        | Found a hide-covered altar to Ukayaw.
   701 | D        | Found a radiant altar of Vehumet.
   702 | D        | Found a deep blue altar of Sif Muna.
   702 | D        | Found an ancient bone altar of Kikubaaqudgha.
   703 | D        | Reached skill level 10 in Stealth
   708 | D        | Noticed an orange demon
   711 | D        | Noticed an orange demon
   754 | D        | Found a glowing silver altar of Zin.
   755 | D        | Found a glowing golden altar of the Shining One.
   755 | D        | Found a white marble altar of Elyvilon.
   755 | D        | Noticed a deep elf mage
   765 | D        | Killed a deep elf mage
   765 | D        | Reached * piety under Dithmenos
   765 | D        | Reached skill level 10 in Dodging
   765 | D        | Reached skill level 11 in Stealth
   765 | D        | Reached XP level 7. HP: 37/37 MP: 6/20
   851 | D        | Found an iron altar of Okawaru.
   852 | D        | Found a hazy altar of Hepliaklqana.
   852 | D        | Found a bloodstained altar of Trog.
   852 | D        | Noticed a human
   852 | D        | Noticed a human
   854 | D        | Killed a human
   854 | D        | Reached XP level 8. HP: 43/43 MP: 21/21
   868 | D        | Found a snail-covered altar of Cheibriados.
   875 | D        | Reached ** piety under Dithmenos
   876 | D        | Found a basalt altar of Yredelemnul.
   876 | D        | Found a blossoming altar of Fedhas.
  1034 | D        | Noticed Snorg
  1041 | D        | Killed Snorg
  1041 | D        | Reached skill level 12 in Stealth
  1041 | D        | Reached skill level 10 in Spellcasting
  1041 | D        | Reached XP level 9. HP: 34/47 MP: 19/24
  1131 | D        | Noticed a centaur warrior
  1138 | D        | Reached *** piety under Dithmenos
  1138 | D        | Reached skill level 13 in Stealth
  1140 | D        | Killed a centaur warrior
  1210 | D        | Noticed an unseen horror
  1210 | D        | Noticed an unseen horror
  1211 | D        | Killed an unseen horror
  1211 | D        | Reached skill level 5 in Fighting
  1213 | D        | Killed an unseen horror
  1213 | D        | Reached skill level 10 in Short Blades
  1213 | D        | Reached skill level 14 in Stealth
  1213 | D        | Reached skill level 5 in Ice Magic
  1213 | D        | Reached XP level 10. HP: 52/52 MP: 24/26
  1236 | D        | Reached **** piety under Dithmenos
  1254 | D        | Reached ***** piety under Dithmenos
  1254 | D        | Reached skill level 5 in Armour
  1516 | D        | Reached ****** piety under Dithmenos
  1520 | D        | Reached skill level 15 in Stealth
  1721 | D        | Reached skill level 5 in Conjurations
  1970 | D        | Noticed a spiny frog
  1970 | D        | Noticed a spiny frog
  1976 | D        | Killed a spiny frog
  1983 | D        | Killed a spiny frog
  2038 | D        | Reached skill level 16 in Stealth
  2042 | D        | Noticed a lindwurm
  2046 | D        | Killed a lindwurm
  2046 | D        | Reached XP level 11. HP: 57/57 MP: 22/28
  2060 | D        | Noticed Maud
  2062 | D        | Killed Maud
  2062 | D        | Reached skill level 15 in Dodging
  2062 | D        | Reached skill level 10 in Hexes
  2087 | D        | Noticed an eight-headed hydra
  2087 | D        | Noticed a five-headed hydra
  2093 | D        | Killed an eight-headed hydra
  2094 | D        | Killed a five-headed hydra
  2094 | D        | Reached skill level 17 in Stealth
  2125 | D        | Noticed a death drake
  2127 | D        | Killed a death drake
  2136 | D        | Found a blossoming altar of Fedhas.
  2136 | D        | Noticed a spriggan druid
  2138 | D        | Killed a spriggan druid
  2175 | D        | Noticed an anaconda
  2175 | D        | Noticed an anaconda
  2185 | D        | Killed an anaconda
  2186 | D        | Killed an anaconda
  2188 | D        | Reached skill level 18 in Stealth
  2228 | D        | Noticed an anaconda
  2230 | D        | Reached XP level 12. HP: 64/64 MP: 26/31
  2232 | D        | Killed an anaconda
  2339 | D        | Noticed a naga warrior
  2339 | D        | Noticed a greater naga
  2339 | D        | Found Viacw's Jewellery Shop.
  2339 | D        | Found Pisugekk's Antique Armour Shoppe.
  2357 | D        | Killed a greater naga
  2645 | D        | Killed a naga warrior
  2652 | D        | Found Luzogodi's Food Boutique.
  2734 | D        | Got a serpentine rune of Zot
  2821 | D        | Reached skill level 15 in Spellcasting
  2850 | D        | Reached skill level 19 in Stealth
  2949 | D        | Noticed Rupert
  3148 | D        | Killed Rupert
  3236 | D        | Noticed a death yak
  3237 | D        | Noticed a death yak
  3238 | D        | Killed a death yak
  3239 | D        | Noticed an azure jelly
  3239 | D        | Noticed a death yak
  3239 | D        | Noticed an azure jelly
  3239 | D        | Noticed a death yak
  3240 | D        | Killed a death yak
  3243 | D        | Killed a death yak
  3262 | D        | Killed a death yak
  3277 | D        | Noticed an azure jelly
  3277 | D        | Noticed an azure jelly
  3484 | D        | Noticed a fire dragon
  3489 | D        | Killed a fire dragon
  3489 | D        | Reached skill level 20 in Stealth
  3489 | D        | Reached XP level 13. HP: 70/70 MP: 26/34
  3522 | D        | Noticed a fire dragon
  3524 | D        | Noticed a fire dragon
  3524 | D        | Noticed a fire dragon
  3537 | D        | Killed a fire dragon
  3547 | D        | Killed a fire dragon
  3698 | D        | Noticed a fire dragon
  3700 | D        | Noticed a fire dragon
  3713 | D        | Killed a fire dragon
  3718 | D        | Killed a fire dragon
  3819 | D        | Found Ticouxto's Antique Weapon Shoppe.
  3819 | D        | Found Taismewi's Book Boutique.
  3826 | D        | Killed a fire dragon
  3826 | D        | Reached skill level 15 in Short Blades
  3908 | D        | Found Kyosoel's Magic Scroll Emporium.
  4050 | D        | Noticed a fire dragon
  4050 | D        | Noticed Xtahua
  4052 | D        | Killed Xtahua
  4054 | D        | Killed a fire dragon
  4065 | D        | Got a decaying rune of Zot
  4142 | D        | Noticed a dire elephant
  4142 | D        | Noticed a dire elephant
  4142 | D        | Noticed Gastronok
  4174 | D        | Killed Gastronok
  4174 | D        | Reached skill level 21 in Stealth
  4209 | D        | Killed a dire elephant
  4431 | D        | Killed a dire elephant
  4662 | D        | Found Qoutex's Gadget Shoppe.
  4915 | D        | Bought a book of Clouds for 450 gold pieces
  4915 | D        | Bought a book of Spatial Translocations for 650 gold pieces
  4916 | D        | Bought a scroll of identify for 28 gold pieces
  4916 | D        | Bought a scroll of identify for 28 gold pieces
  4916 | D        | Bought a scroll of identify for 28 gold pieces
  4916 | D        | Bought a scroll of identify for 28 gold pieces
  4916 | D        | Bought a scroll of blinking for 105 gold pieces
  4916 | D        | Bought a scroll of enchant armour for 105 gold pieces
  4924 | D        | Bought a runed rapier for 108 gold pieces
  4924 | D        | Bought a glowing short sword for 81 gold pieces
  4974 | D        | Learned a level 2 spell: Shroud of Golubria
  4979 | D        | Learned a level 4 spell: Passage of Golubria
  4983 | D        | Learned a level 3 spell: Mephitic Cloud
  4990 | D        | Learned a level 6 spell: Freezing Cloud
  4997 | D        | Learned a level 6 spell: Poisonous Cloud
  5099 | D        | Bought the ring "Ydadaexi" {*Confuse rElec rPois Int+2 SInv} for 291 gold pieces
  5280 | D        | Reached skill level 1 in Charms
  5280 | D        | Reached skill level 1 in Translocations
  5341 | D        | Reached skill level 1 in Poison Magic
  5600 | D        | Noticed a deep elf demonologist
  5605 | D        | Reached skill level 1 in Air Magic
  5817 | D        | Noticed a deep elf blademaster
  5817 | D        | Noticed a deep elf demonologist
  5823 | D        | Noticed a deep elf death mage
  6019 | D        | Noticed a deep elf demonologist
  6023 | D        | Noticed a deep elf demonologist
  6026 | D        | Noticed a blizzard demon
  6027 | D        | Noticed a blizzard demon
  6333 | D        | Killed a deep elf demonologist
  6423 | D        | Killed a deep elf demonologist
  6432 | D        | Killed a deep elf demonologist
  6432 | D        | Reached skill level 22 in Stealth
  6432 | D        | Reached XP level 14. HP: 77/77 MP: 3/36
  6564 | D        | Learned a level 1 spell: Apportation
  6579 | D        | Got an encrusted bardiche {chop}
  6579 | D        | Got a twisted dagger {distort}
  6579 | D        | Got a jewelled ring mail
  6579 | D        | Got a pitted ivory ring
  6585 | D        | Identified the ring "Cubip" {rC+ Str+4 Stlth+} (You took it off a deep elf high priest in the Dungeon)
  7809 | D        | Noticed Sigmund
  7809 | D        | Noticed Edmund
  7811 | D        | Killed Sigmund
  7813 | D        | Killed Edmund
  7864 | D        | Reached skill level 5 in Charms
  7972 | D        | Found Noita's Jewellery Emporium.
  7972 | D        | Found Dosagulu's Jewellery Shop.
  7972 | D        | Found Myutav's Antique Armour Shoppe.
  7972 | D        | Found Naoheso's Book Boutique.
  7972 | D        | Found Rufuol's Antique Weapon Emporium.
  7972 | D        | Found Zinah's Armour Shop.
  7972 | D        | Found Suligro's Antique Armour Emporium.
  7972 | D        | Found Cug Yhoa's Magic Scroll Boutique.
  7973 | D        | Found Yvytezubb's Food Boutique.
  7973 | D        | Found Leoti's Gadget Shoppe.
  7973 | D        | Found Hatuaju's Book Shop.
  7973 | D        | Found Juhy's Distillery.
  8017 | D        | Bought a runed buckler for 126 gold pieces
  8023 | D        | Bought a +1 cloak of invisibility for 198 gold pieces
  8182 | D        | Reached skill level 5 in Translocations
  8209 | D        | Reached skill level 1 in Shields
  8222 | D        | Identified the +5 dagger of Saucum {distort, +Rage rElec rN+} (You took it off a deep elf demonologist in the Dungeon)
  8467 | D        | Noticed Chuck
  8483 | D        | Got a jewelled spear
  8562 | D        | Killed Chuck
  8562 | D        | Reached skill level 23 in Stealth
  8738 | D        | Noticed Norris
  8741 | D        | Killed Norris
  8741 | D        | Reached skill level 10 in Fighting
  8741 | D        | Reached skill level 10 in Ice Magic
  8777 | D        | Noticed a lich
  8779 | D        | Killed a lich
  8810 | D        | Noticed a shadow dragon
  8810 | D        | Noticed a shadow dragon
  8813 | D        | Killed a shadow dragon
  8813 | D        | Reached skill level 5 in Poison Magic
  8814 | D        | Killed a shadow dragon
  8865 | D        | Reached XP level 15. HP: 82/82 MP: 13/39
  9042 | D        | Reached skill level 5 in Air Magic
  9056 | D        | Noticed an ancient lich
  9246 | D        | Noticed a sphinx
  9246 | D        | Noticed a sphinx
  9249 | D        | Reached skill level 24 in Stealth
  9273 | D        | Killed a sphinx
  9303 | D        | Killed a sphinx
 10259 | D        | Killed a deep elf blademaster
 10279 | D        | Identified the Catalogue of Icy Conjuration
 10281 | D        | Identified Sif Muna's Catalogue of Entrancing Contamination
 10281 | D        | Identified Keular's Tome of Frigorific Changing
 10389 | D        | Learned a level 8 spell: Discord
 10396 | D        | Learned a level 6 spell: Deflect Missiles
 10401 | D        | Learned a level 4 spell: Cause Fear
 10508 | D        | Bought a scroll of enchant weapon for 97 gold pieces
 10508 | D        | Bought a scroll of identify for 26 gold pieces
 10508 | D        | Bought a scroll of identify for 26 gold pieces
 10508 | D        | Bought a scroll of identify for 26 gold pieces
 10941 | D        | Noticed a fire giant
 10941 | D        | Noticed a quicksilver dragon
 10941 | D        | Noticed a frost giant
 10941 | D        | Noticed a shadow dragon
 10941 | D        | Noticed a titan
 10941 | D        | Noticed a frost giant
 10941 | D        | Noticed a golden dragon
 10950 | D        | Killed a fire giant
 10955 | D        | Reached skill level 5 in Shields
 10991 | D        | Killed a quicksilver dragon
 11005 | D        | Killed a shadow dragon
 11120 | D        | Killed a titan
 11120 | D        | Reached skill level 10 in Charms
 11176 | D        | Reached skill level 10 in Armour
 11194 | D        | Reached skill level 10 in Conjurations
 11298 | D        | Killed a frost giant
 11460 | D        | Reached skill level 25 in Stealth
 11692 | D        | Reached skill level 15 in Hexes
 11692 | D        | Reached skill level 10 in Translocations
 11814 | D        | Killed a frost giant
 11916 | D        | Killed a golden dragon
 12025 | D        | Got an ichor-stained morningstar {freeze}
 12090 | D        | Noticed a golden dragon
 12219 | D        | Killed a golden dragon
 12255 | D        | Got a silver rune of Zot
 12257 | D        | Identified the Disquisition on Arcane Weapons
 12273 | D        | Got a steaming cloak
 12284 | D        | Identified the +2 cloak of Trog's Benevolence {rC+} (You found it in the Dungeon)
 12529 | D        | Noticed a greater mummy
 12529 | D        | Noticed a greater mummy
 12887 | D        | Killed a greater mummy
 12887 | D        | Reached XP level 16. HP: 38/89 MP: 39/42
 12893 | D        | Killed a greater mummy
 12893 | D        | Reached skill level 26 in Stealth
 13215 | D        | HP: 3/90 [mummy priest (28)]
 13221 | D        | HP: 3/90 [??? (1)]
 13236 | D        | Got a golden rune of Zot
 13242 | D        | Got a steaming robe
 13253 | D        | Identified the +1 robe of the Clam {+Inv rF+ Dex+3 Slay+5} (You found it in the Dungeon)
 13628 | D        | Got a crude robe
 13639 | D        | Identified the +1 robe of Leaves {rC+} (You acquired it in the Dungeon)
 13964 | D        | Learned a level 3 spell: Stone Arrow
 14402 | D        | Noticed Boris
 14405 | D        | Killed Boris
 14405 | D        | Reached skill level 10 in Shields
 14405 | D        | Reached skill level 1 in Earth Magic
 14509 | D        | Found Okhlydeg's Gadget Emporium.
 14509 | D        | Found Laenuup's Distillery.
 14509 | D        | Found Herewil's Food Shop.
 14509 | D        | Found Ivysk's Armour Shoppe.
 14524 | D        | Found Hifux's Distillery.
 14829 | D        | Noticed Mara
 14833 | D        | Killed Mara
 14841 | D        | Paralysed by a vampire knight for 4 turns
 14844 | D        | HP: 1/88 [vampire knight (4)]
 14844 | D        | Slain by a vampire knight

Vault maps used:
D:        dungeon_sprint_mu

Skill      XL: |  1  2  3  4  5  6  7  8  9 10 11 12 13 14 15 16 |
---------------+-------------------------------------------------+-----
Spellcasting   | 4 5 6 8 10 11 12 14 16 17 19 21 | 21.8
Fighting       | 1 2 3 4 5 6 7 8 9 10 11 | 11.9
Short Blades   | 2 4 5 7 8 10 11 13 14 16 17 19 20 | 20.1
Armour         | 1 2 3 4 5 6 7 8 9 10 11 | 11.0
Dodging        | 4 5 6 7 10 11 13 14 16 18 20 22 23 24 | 24.8
Stealth        | 5 7 9 11 12 14 16 18 20 22 23 25 26 | 26.9
Hexes          | 4 5 6 7 8 9 10 11 13 14 15 16 | 16.1
Ice Magic      | 1 2 3 4 5 6 8 9 10 11 | 11.8
Conjurations   | 1 2 3 4 5 6 7 8 9 10 11 | 11.0
Invocations    | 2 4 |  4.0
Charms         | 3 8 11 13 | 13.0
Translocations | 3 7 11 12 | 12.7
Poison Magic   | 2 5 8 9 |  9.3
Air Magic      | 1 4 7 8 |  8.5
Shields        | 3 8 10 | 10.9
Earth Magic    | 3 |  3.3

Action                   |  1- 3 |  4- 6 |  7- 9 | 10-12 | 13-15 | 16-18 || total
-------------------------+-------+-------+-------+-------+-------+-------++-------
Melee: Dagger            |    21 |    21 |    24 |   178 |    78 |       ||   322
       Short sword       |       |       |       |       |    47 |       ||    47
       Rapier            |       |       |       |       |   153 |    38 ||   191
Throw: Throwing net      |       |       |       |       |     6 |     6 ||    12
 Cast: Corona            |     4 |       |       |     1 |       |       ||     5
       Ensorcelled Hiber |     5 |       |     2 |    65 |     8 |     7 ||    87
       Dazzling Spray    |       |     8 |    10 |    42 |   257 |    27 ||   344
       Tukima's Dance    |       |     2 |       |    10 |    22 |     4 ||    38
       Confuse           |       |       |     1 |     6 |     3 |     2 ||    12
       Freezing Cloud    |       |       |       |       |    14 |       ||    14
       Mephitic Cloud    |       |       |       |       |     2 |       ||     2
       Apportation       |       |       |       |       |    26 |       ||    26
       Passage of Golubr |       |       |       |       |     7 |       ||     7
       Poisonous Cloud   |       |       |       |       |     4 |       ||     4
       Shroud of Golubri |       |       |       |       |     3 |       ||     3
       Discord           |       |       |       |       |     4 |       ||     4
       Deflect Missiles  |       |       |       |       |     1 |       ||     1
       Stone Arrow       |       |       |       |       |       |    35 ||    35
Invok: Shadow Step       |       |       |       |    16 |    20 |     3 ||    39
 Abil: Evoke Flight      |       |       |       |       |       |     1 ||     1
Evoke: Wand              |       |       |       |       |     1 |       ||     1
  Use: Potion            |       |     2 |       |     2 |     2 |     1 ||     7
       Scroll            |       |     1 |       |       |    16 |     6 ||    23
 Stab: Sleeping          |     4 |     4 |     6 |    74 |    61 |    19 ||   168
       Invisible         |       |     2 |     3 |     7 |    10 |       ||    22
       Confused          |       |       |       |     2 |       |       ||     2
       Distracted        |       |       |       |       |     7 |       ||     7
       Held in net/web   |       |       |       |       |     6 |     5 ||    11
  Eat: Royal jelly       |       |       |       |     1 |       |       ||     1
       Fruit             |       |       |       |       |     9 |       ||     9
       Bread ration      |       |       |       |       |     1 |     1 ||     2
Armor: Robe              |     1 |     1 |     2 |     8 |     8 |     3 ||    23
Dodge: Dodged            |    19 |    17 |    24 |   137 |   254 |    63 ||   514
       Deflected         |       |       |       |       |     2 |       ||     2
Block: Other             |       |     1 |     3 |     6 |     8 |       ||    18
       Buckler           |       |       |       |       |    67 |    48 ||   115
